 Dungeon Crawl Stone Soup version 0.31-a0-851-g7ff8af7976 (webtiles) character file.

Game seed: 9837897892526990437

1 Kurtz the Sneak (level 1, -1/18 HPs)
             Began as a Mummy Delver on Oct 6, 2023.
             Slain by an adder (3 damage)
             ... on level 4 of the Dungeon.
             The game lasted 00:00:27 (117 turns).

Kurtz the Sneak (Mummy Delver)                       Turns: 117, Time: 00:00:28

Health: -1/18      AC:  3    Str: 15    XL:     1   Next: 16%
Magic:  1/1        EV: 11    Int:  9    God:
Gold:   15         SH:  0    Dex: 13    Spells: 0/0 levels left

rFire   x . .        a - +0 hand axe
rCold   + . .        (no shield)
rNeg    + + +        b - +0 leather armour
rPois   ∞            (no helmet)
rElec   .            (no cloak)
rCorr   .            (no gloves)
SInv    .            (no boots)
Will    .....        (no amulet)
Stlth   ++           (no ring)
HPRegen 0.23/turn    (no ring)
MPRegen 0.07/turn

%: faith
@: no status effects
A: cold resistance 1, negative energy resistance 3, torment resistance 2, heat
vulnerability 1, in touch with death 1, no potions, faith
a: no special abilities


You were on level 4 of the Dungeon.
You visited 1 branch of the dungeon, and saw 2 of its levels.

You collected 15 gold pieces.

Inventory:

Hand Weapons
 a - a +0 hand axe (weapon)
Armour
 b - a +0 leather armour (worn)
Wands
 f - a wand of digging (8)
Scrolls
 c - a scroll of fog
 d - a scroll of revelation
 e - a scroll of fear


   Skills:
 - Level 3.0 Fighting
 * Level 1.7 Axes
 - Level 1.5 Dodging
 - Level 4.1 Stealth


You couldn't memorise any spells.
You didn't know any spells.
Your spell library was empty.

Dungeon Overview and Level Annotations

Branches:
Dungeon (5/15)
 Temple: D:4-7

Altars:


Innate Abilities, Weirdness & Mutations

You are immune to poison.
Your flesh is cold resistant. (rC+)
You are immune to negative energy. (rN+++)
You are immune to unholy pain and torment.
You are vulnerable to heat. (rF-)
You are in touch with the powers of death.
You do not drink.
You have a special connection with the divine. (Faith)


Message History

HP restored.
You climb upwards.
Found a scroll labelled UXEITS DEDEIL.
There is a stone staircase leading down here.
A black bear comes into view.
You open the door.
There is an open door here.
There is an open door here.
An adder comes into view.
A howler monkey comes into view.
An adder comes into view.
The howler monkey moves out of view.
The adder hisses angrily.
The adder barely misses you.
The howler monkey howls!
You hit the adder but do no damage.
The adder bites you but does no damage. x2
You miss the adder. The adder barely misses you. The adder bites you.
You hit the adder.
The adder is moderately wounded.
The adder bites you.
You closely miss the adder.
The adder is moderately wounded.
The adder hisses angrily.
The adder bites you.
The howler monkey hoots and howls with incredible vigour!
The adder barely misses you.
You hear an angry growl.
You hit the adder.
The adder is almost dead.
You hit the adder but do no damage.
The adder is almost dead.
You hit the howler monkey but do no damage.
The adder bites you. The howler monkey hits you. The adder closely misses you.
The howler monkey hits you.
* * * LOW HITPOINT WARNING * * *
You barely miss the howler monkey. You punch the howler monkey.
The howler monkey is lightly wounded.
You miss the adder. The adder bites you but does no damage.
The howler monkey hoots and howls with incredible vigour!
The adder bites you.
You die...

###.. ..# #..
######.. ##.##..
S......# ........
......## ###.#...
#.....# # ##.. ..S.
.####
#h###########.####
#@S...............
#.....#####.##.#.####
#.##### #.##.#.# #
#.##.#.####
#.##.#.#...
#.##.#.#.##
#.##.#...##
..##....... #####.##


You could see a howler monkey and 2 adders.

Vanquished Creatures
  A quokka (D:5)
1 creature vanquished.

Notes
Turn   | Place    | Note
-------+----------+-------------------------------------------
     0 | D:5      | Kurtz the Mummy Delver began the quest for the Orb.
     0 | D:5      | Reached XP level 1. HP: 18/18 MP: 1/1
    45 | D:4      | Noticed a black bear
   108 | D:4      | Noticed a howler monkey
   117 | D:4      | Slain by an adder

Illustrated notes

Levels and vault maps discovered:
D:4:      layout_basic, mainiacjoe_overflow_surrounded_room,
          mainiacjoe_overflow_cross_hatched, minmay_temple_entry_poolview,
          amcnicky_mini_pool_small
D:5:      minmay_diamond_boxcup, layout_cave_pools

Action                     || total
---------------------------++-------
  Melee: Hand axe          ||    10
         Punch             ||     1
 Armour: Leather armour    ||    12
  Dodge: Dodged            ||     6

Table legend: (Time is in decaauts)
 A = Elapsed time spent in this place.
 B = Non-inter-level travel time spent in this place.
 C = Inter-level travel time spent in this place.
 D = Time resting spent in this place.
 E = Time spent auto-exploring this place.
 F = Levels seen in this place.
 G = Mean time per level.
                   A        B        C        D        E       F      G
               +--------+--------+--------+--------+--------+-----+--------+
         Total |    118 |    118 |      0 |      0 |     39 |   2 |   59.0 |
       Dungeon |    118 |    118 |      0 |      0 |     39 |   2 |   59.0 |
               +--------+--------+--------+--------+--------+-----+--------+

Top non-repeatable levels by time:
     D:4: 75 daAuts
     D:5: 43 daAuts
